PAA
PHOENIX HOTSPUR YOUTH @ NORTHVILLE ECLIPSE
07/05/2032
 
TOP OF THE 1ST
Phoenix Hotspur Youth batting - Pitching for Northville Eclipse : LHP Ricardo Fraga
Pitching: LHP Ricardo Fraga
Batting: RHB Juan Negrete 0-0: Ball
1-0: Called Strike
1-1: SINGLE (Groundball, 56D)
Batting: RHB Carl Tucker 0-0: Ball
1-0: Called Strike
1-1: Ball
2-1: Ball
3-1: Foul Ball, location: 2F
3-2: Foul Ball, location: 2F
3-2: Fly out, F9 (Flyball, 9LDF)
Batting: LHB Joseph Antoine 0-0: Foul Ball, location: 2F
0-1: Swinging Strike
0-2: Foul Ball, location: 2F
0-2: Ball
1-2: Ball
Juan Negrete steals 2nd base
2-2: Ball
3-2: Strikes out swinging
Batting: RHB José Souza 0-0: Foul Ball, location: 2F
0-1: Called Strike
0-2: Fly out, F9 (Flyball, 89S)
Top of the 1st over - 0 runs, 1 hit, 0 errors, 1 left on base; Phoenix Hotspur 0 - Northville 0
BOTTOM OF THE 1ST
Northville Eclipse batting - Pitching for Phoenix Hotspur Youth : RHP Larry Souder
Pitching: RHP Larry Souder
Batting: RHB Sidney Mackell 0-0: Ball
1-0: Ball
2-0: Ball
3-0: Base on Balls
Batting: LHB Lonnie Murray 0-0: Ball
1-0: Ball
2-0: Ball
3-0: Called Strike
3-1: Called Strike
3-2: SINGLE (Flyball, 8LS)
Sidney Mackell to second
Sidney Mackell to third
Batting: RHB Alfonso Grappasonni 0-0: SINGLE (Groundball, 56D)
Sidney Mackell scores
Lonnie Murray to second
Batting: RHB Xi-ku See-to 0-0: Ball
1-0: Ball
2-0: Foul Ball, location: 2F
2-1: Called Strike
2-2: Ball
3-2: Grounds into double play, 6-4-3 (Groundball, 6)
Lonnie Murray to third
Batting: RHB José Santos 0-0: Ball
1-0: Ball
2-0: Called Strike
2-1: Swinging Strike
2-2: SINGLE (Groundball, 6D)
Lonnie Murray scores
Batting: LHB Gilberto Ocasio 0-0: Fly out, F9 (Flyball, 89D)
Bottom of the 1st over - 2 runs, 3 hits, 0 errors, 1 left on base; Phoenix Hotspur 0 - Northville 2
TOP OF THE 2ND
Phoenix Hotspur Youth batting - Pitching for Northville Eclipse : RHP Will Sims
Pitching: RHP Will Sims
Batting: LHB Mare Riseley 0-0: Ground out 6-3 (Groundball, 6S)
Batting: RHB Bill Poole 0-0: Ball
1-0: Ball
2-0: Ball
3-0: Called Strike
3-1: Base on Balls
Batting: LHB António Escalante 0-0: Foul Ball, location: 2F
0-1: Fly out, F8 (Line Drive, 89M)
Batting: LHB Damian Alldred 0-0: Ball
1-0: DOUBLE (Groundball, 5L)
Bill Poole to third
Runner from 3rd tries for Home, SAFE, no throw
Batting: LHB Tyler Kinjeketile 0-0: Ball
1-0: Called Strike
1-1: Foul Ball, location: 2F
1-2: Ground out 4-3 (Groundball, 4)
Top of the 2nd over - 1 run, 1 hit, 0 errors, 1 left on base; Phoenix Hotspur 1 - Northville 2
BOTTOM OF THE 2ND
Northville Eclipse batting - Pitching for Phoenix Hotspur Youth : RHP Larry Souder
Batting: RHB Chang-lit Min 0-0: Swinging Strike
0-1: Ball
1-1: Foul Ball, location: 2F
1-2: Ball
2-2: Fly out, F3 (Line Drive, 34)
Batting: RHB Willard Thexton 0-0: Ball
1-0: Called Strike
1-1: Swinging Strike
1-2: Strikes out swinging
Batting: RHB Manuel Barrios 0-0: Ball
1-0: Ball
2-0: Called Strike
2-1: Foul Ball, location: 2F
2-2: Ball
3-2: Ground out 6-3 (Groundball, 6)
Bottom of the 2nd over - 0 runs, 0 hits, 0 errors, 0 left on base; Phoenix Hotspur 1 - Northville 2
TOP OF THE 3RD
Phoenix Hotspur Youth batting - Pitching for Northville Eclipse : RHP Will Sims
Batting: RHB Juan Negrete 0-0: Ball
1-0: Ball
2-0: Foul Ball, location: 2F
2-1: Foul Ball, location: 2F
2-2: Foul Ball, location: 2F
2-2: Ball
3-2: Base on Balls
Batting: RHB Carl Tucker 0-0: Ball
1-0: Ground out 4-3 (Groundball, 4MS)
Juan Negrete to second
Batting: LHB Joseph Antoine 0-0: Called Strike
0-1: Swinging Strike
0-2: Foul Ball, location: 2F
0-2: Ball
1-2: Foul Ball, location: 2F
1-2: Strikes out looking
Batting: RHB José Souza 0-0: Fly out, F9 (Flyball, 9LMF)
Top of the 3rd over - 0 runs, 0 hits, 0 errors, 1 left on base; Phoenix Hotspur 1 - Northville 2
BOTTOM OF THE 3RD
Northville Eclipse batting - Pitching for Phoenix Hotspur Youth : RHP Larry Souder
Batting: RHB Sidney Mackell 0-0: Ball
1-0: Ball
2-0: Ball
3-0: Base on Balls
Batting: LHB Lonnie Murray 0-0: Called Strike
0-1: Foul Ball, location: 2F
0-2: Ball
1-2: Ball
2-2: Ground out 6-3 (Groundball, 6S)
Sidney Mackell to second
Batting: RHB Alfonso Grappasonni 0-0: Called Strike
0-1: DOUBLE (Flyball, 78D)
Sidney Mackell scores
Batting: RHB Xi-ku See-to 0-0: Foul Ball, location: 2F
0-1: Foul Ball, location: 2F
0-2: Strikes out swinging
Batting: RHB José Santos 0-0: Ball
1-0: Called Strike
1-1: Fly out, F9 (Line Drive, 9LD)
Bottom of the 3rd over - 1 run, 1 hit, 0 errors, 1 left on base; Phoenix Hotspur 1 - Northville 3
TOP OF THE 4TH
Phoenix Hotspur Youth batting - Pitching for Northville Eclipse : RHP Will Sims
Batting: LHB Mare Riseley 0-0: Foul Ball, location: 2F
0-1: Swinging Strike
0-2: Ball
1-2: Ball
2-2: Ball
3-2: Foul Ball, location: 2F
3-2: Base on Balls
Batting: RHB Bill Poole 0-0: Foul Ball, location: 2F
0-1: Ball
1-1: Swinging Strike
1-2: Ground out 6-3 (Groundball, 6S)
Mare Riseley to second
Batting: LHB António Escalante 0-0: Ball
1-0: Called Strike
1-1: Swinging Strike
1-2: Ball
2-2: Foul Ball, location: 2F
2-2: Ground out 6-3 (Groundball, 6M)
Mare Riseley to third
Batting: LHB Damian Alldred 0-0: Called Strike
0-1: Ball
1-1: SINGLE (Line Drive, 9LS)
Mare Riseley scores
Batting: LHB Tyler Kinjeketile 0-0: Ball
Damian Alldred steals 2nd base
1-0: Ball
2-0: Ball
3-0: Called Strike
3-1: Base on Balls
Batting: RHB Juan Negrete 0-0: Ball
1-0: Swinging Strike
1-1: Called Strike
1-2: Ball
2-2: Ball
3-2: SINGLE (Flyball, 9LS)
Damian Alldred to third
Tyler Kinjeketile to second
Damian Alldred scores
Tyler Kinjeketile to third
Batting: RHB Carl Tucker 0-0: Fly out, F8 (Flyball, 8RD)
Top of the 4th over - 2 runs, 2 hits, 0 errors, 2 left on base; Phoenix Hotspur 3 - Northville 3
BOTTOM OF THE 4TH
Northville Eclipse batting - Pitching for Phoenix Hotspur Youth : RHP Larry Souder
Batting: LHB Gilberto Ocasio 0-0: Foul Ball, location: 2F
0-1: Ball
1-1: Ball
2-1: Foul Ball, location: 2F
2-2: Foul Ball, location: 2F
2-2: Ball
3-2: Ground out 4-3 (Groundball, 4)
Batting: RHB Chang-lit Min 0-0: Ball
1-0: SINGLE (Groundball, 6MD)
Batting: RHB Willard Thexton 0-0: Ball
1-0: Called Strike
1-1: Ball
2-1: Fielders Choice at 2nd, 6-4 (Groundball, 6)
Batting: RHB Manuel Barrios 0-0: Swinging Strike
0-1: Called Strike
0-2: Ball
1-2: Ball
2-2: Foul Ball, location: 2F
2-2: Fly out, F8 (Flyball, 8LD)
Bottom of the 4th over - 0 runs, 1 hit, 0 errors, 1 left on base; Phoenix Hotspur 3 - Northville 3
TOP OF THE 5TH
Phoenix Hotspur Youth batting - Pitching for Northville Eclipse : RHP Will Sims
Batting: LHB Joseph Antoine 0-0: Ball
1-0: Swinging Strike
1-1: Ground out 5-3 (Groundball, 56)
Batting: RHB José Souza 0-0: Ball
1-0: Ball
2-0: Called Strike
2-1: Swinging Strike
2-2: Foul Ball, location: 2F
2-2: Ball
3-2: Fly out, F8 (Line Drive, 8RM)
Pitching: RHP Luis Villabos
Batting: LHB Mare Riseley 0-0: Fly out, F7 (Flyball, 78M)
Top of the 5th over - 0 runs, 0 hits, 0 errors, 0 left on base; Phoenix Hotspur 3 - Northville 3
BOTTOM OF THE 5TH
Northville Eclipse batting - Pitching for Phoenix Hotspur Youth : RHP Larry Souder
Batting: RHB Sidney Mackell 0-0: Foul Ball, location: 2F
0-1: Fly out, F8 (Line Drive, 78M)
Batting: LHB Lonnie Murray 0-0: Ball
1-0: Called Strike
1-1: Fly out, F3 (Popup, 23F)
Batting: RHB Alfonso Grappasonni 0-0: Swinging Strike
0-1: Ball
1-1: Ball
2-1: Foul Ball, location: 2F
2-2: Ball
3-2: Foul Ball, location: 2F
3-2: Ground out 6-3 (Groundball, 6)
Bottom of the 5th over - 0 runs, 0 hits, 0 errors, 0 left on base; Phoenix Hotspur 3 - Northville 3
TOP OF THE 6TH
Phoenix Hotspur Youth batting - Pitching for Northville Eclipse : RHP Luis Villabos
Batting: RHB Bill Poole 0-0: Called Strike
0-1: Fly out, F9 (Flyball, 9D)
Batting: LHB António Escalante 0-0: Fly out, F8 (Flyball, 8LD)
Batting: LHB Damian Alldred 0-0: Ball
1-0: Foul Ball, location: 2F
1-1: Ball
2-1: Foul Ball, location: 2F
2-2: Ground out 4-3 (Groundball, 4)
Top of the 6th over - 0 runs, 0 hits, 0 errors, 0 left on base; Phoenix Hotspur 3 - Northville 3
BOTTOM OF THE 6TH
Northville Eclipse batting - Pitching for Phoenix Hotspur Youth : RHP Larry Souder
Batting: RHB Xi-ku See-to 0-0: Called Strike
0-1: Swinging Strike
0-2: Foul Ball, location: 2F
0-2: Ball
1-2: Ball
2-2: Fly out, F3 (Line Drive, 3)
Batting: RHB José Santos 0-0: Called Strike
0-1: SINGLE (Line Drive, 8LS)
Batting: LHB Gilberto Ocasio 0-0: Ball
1-0: Reached on error, E1 (Groundball, P)
José Santos to second
Batting: RHB Chang-lit Min 0-0: Ball
1-0: Ball
2-0: Swinging Strike
2-1: Ball
3-1: Foul Ball, location: 2F
3-2: Base on Balls
José Santos to third
Gilberto Ocasio to second
Batting: RHB Willard Thexton 0-0: Swinging Strike
0-1: Ball
1-1: Ball
2-1: Foul Ball, location: 2F
2-2: Ball
3-2: SINGLE (Groundball, 56)
José Santos scores
Gilberto Ocasio to third
Chang-lit Min to second
Runner from 3rd tries for Home, SAFE, throw made at trailing runner, OUT at third!
Now at 3B: Juan Cardona
Batting: RHB Manuel Barrios 0-0: Ball
1-0: Foul Ball, location: 2F
1-1: Swinging Strike
1-2: Ball
2-2: Ball
3-2: Ground out 6-3 (Groundball, 6MD)
Bottom of the 6th over - 2 runs, 2 hits, 1 error, 1 left on base; Phoenix Hotspur 3 - Northville 5
TOP OF THE 7TH
Phoenix Hotspur Youth batting - Pitching for Northville Eclipse : RHP Luis Villabos
Batting: LHB Tyler Kinjeketile 0-0: Ball
1-0: Ball
2-0: Ball
3-0: Called Strike
3-1: Called Strike
3-2: SINGLE (Groundball, 34D)
Batting: RHB Juan Negrete 0-0: Ball
1-0: Fly out, F7 (Flyball, 7S)
Batting: RHB Carl Tucker 0-0: Foul Ball, location: 2F
0-1: Foul Ball, location: 2F
0-2: DOUBLE (Groundball, 3L)
Tyler Kinjeketile to third
Runner from 3rd tries for Home, SAFE, throw made at trailing runner, OUT at third!
Batting: LHB Joseph Antoine 0-0: Called Strike
0-1: Foul Ball, location: 2F
0-2: Strikes out swinging
Top of the 7th over - 1 run, 2 hits, 0 errors, 0 left on base; Phoenix Hotspur 4 - Northville 5
BOTTOM OF THE 7TH
Northville Eclipse batting - Pitching for Phoenix Hotspur Youth : RHP Larry Souder
Batting: RHB Sidney Mackell 0-0: Ball
1-0: Ball
2-0: Foul Ball, location: 2F
2-1: Ball
3-1: Base on Balls
Batting: LHB Lonnie Murray 0-0: Ball
1-0: Grounds into double play, 4-6-3 (Groundball, 4)
Batting: RHB Alfonso Grappasonni 0-0: Ball
1-0: Called Strike
1-1: Swinging Strike
1-2: Ball
2-2: Ball
3-2: Fly out, F8 (Line Drive, 78D)
Bottom of the 7th over - 0 runs, 0 hits, 0 errors, 0 left on base; Phoenix Hotspur 4 - Northville 5
TOP OF THE 8TH
Phoenix Hotspur Youth batting - Pitching for Northville Eclipse : RHP Luis Villabos
Batting: RHB Juan Cardona 0-0: Ball
1-0: Foul Ball, location: 2F
1-1: Foul Ball, location: 2F
1-2: Ball
2-2: Ball
3-2: Strikes out looking
Batting: LHB Mare Riseley 0-0: SINGLE (Line Drive, 6D)
Pitching: LHP Jorge Cruz
Batting: RHB Bill Poole 0-0: Called Strike
0-1: Foul Ball, location: 2F
0-2: Ball
1-2: Strikes out swinging
Batting: LHB António Escalante 0-0: Ball
1-0: Ball
2-0: Ball
3-0: Called Strike
3-1: Ground out 4-3 (Groundball, 34)
Top of the 8th over - 0 runs, 1 hit, 0 errors, 1 left on base; Phoenix Hotspur 4 - Northville 5
BOTTOM OF THE 8TH
Northville Eclipse batting - Pitching for Phoenix Hotspur Youth : RHP Larry Souder
Pitching: LHP Cameron Roberts
Batting: RHB Xi-ku See-to 0-0: Swinging Strike
0-1: Fly out, F8 (Flyball, 8LD)
Batting: RHB José Santos 0-0: Called Strike
0-1: SINGLE (Line Drive, 4MD)
Batting: LHB Gilberto Ocasio 0-0: Foul Ball, location: 2F
0-1: Ball
1-1: SINGLE (Groundball, 25) (infield hit)
José Santos to second
Batting: RHB Chang-lit Min 0-0: Called Strike
0-1: Foul Ball, location: 2F
0-2: Ball
1-2: Ball
2-2: Ball
3-2: Base on Balls
José Santos to third
Gilberto Ocasio to second
Batting: RHB Willard Thexton 0-0: Ball
1-0: Swinging Strike
1-1: Fly out, F3 (Popup, 3F)
Batting: RHB Manuel Barrios 0-0: Ball
1-0: Fly out, F7 (Flyball, 7S)
Bottom of the 8th over - 0 runs, 2 hits, 0 errors, 3 left on base; Phoenix Hotspur 4 - Northville 5
TOP OF THE 9TH
Phoenix Hotspur Youth batting - Pitching for Northville Eclipse : LHP Jorge Cruz
Pitching: RHP David Moore
Pinch Hitting: LHB Ramón Hidalgo 0-0: Ball
1-0: Ball
2-0: Ball
3-0: Called Strike
3-1: Foul Ball, location: 2F
3-2: Base on Balls
Pinch Runner at 1st Roldan Martir:
Batting: LHB Tyler Kinjeketile 0-0: Bunted foul
0-1: Ball
1-1: Bunted foul
1-2: Ball
2-2: Foul Ball, location: 2F
2-2: Foul Ball, location: 2F
2-2: Ground out 4-3 (Groundball, 4MD)
Roldan Martir to second
Batting: RHB Juan Negrete 0-0: Ball
1-0: Ball
2-0: Called Strike
2-1: Ball
3-1: DOUBLE (Line Drive, 7LM)
Roldan Martir scores
Batting: RHB Carl Tucker 0-0: Intentional Walk
Batting: LHB Joseph Antoine 0-0: Ball
1-0: Ball
2-0: Foul Ball, location: 2F
2-1: Called Strike
2-2: Fielders Choice at 2nd, 3-6 (Groundball, 3)
Juan Negrete to third
Batting: RHB Juan Cardona 0-0: Ball
Joseph Antoine steals 2nd base
1-0: Swinging Strike
1-1: Called Strike
1-2: Fly out, F9 (Flyball, 9)
Top of the 9th over - 1 run, 1 hit, 0 errors, 2 left on base; Phoenix Hotspur 5 - Northville 5
BOTTOM OF THE 9TH
Northville Eclipse batting - Pitching for Phoenix Hotspur Youth : LHP Cameron Roberts
Now at SS: James Turner
Batting: RHB Sidney Mackell 0-0: Ball
1-0: Foul Ball, location: 2F
1-1: Ball
2-1: SINGLE (Line Drive, 6MD)
Batting: LHB Lonnie Murray 0-0: Ball
Wild Pitch!
Sidney Mackell to second
1-0: DOUBLE (Groundball, 5L)
Sidney Mackell scores
Wednesday, September 19th, 2018 - OOTP Baseball 18.8 Build 76